 Dungeon Crawl Stone Soup version 0.31-a0-960-g0fca184906 (webtiles) character file.

Game seed: 3058572281520076591

21 promet the Stinger (level 2, -1/16 HPs)
             Began as a Deep Elf Venom Mage on Oct 23, 2023.
             Slain by a quokka (2 damage)
             ... on level 2 of the Dungeon.
             The game lasted 00:08:31 (1798 turns).

promet the Stinger (Deep Elf Venom Mage)            Turns: 1798, Time: 00:08:31

Health: -1/16      AC:  4    Str:  5    XL:     2   Next: 65%
Magic:  2/8        EV: 12    Int: 19    God:
Gold:   44         SH:  0    Dex: 15    Spells: 2/7 levels left

rFire   . . .        j - +0 short sword
rCold   . . .        (no shield)
rNeg    . . .        k - +0 leather armour
rPois   .            (no helmet)
rElec   .            h - +0 cloak
rCorr   .            (no gloves)
SInv    .            (no boots)
Will    .....        (no amulet)
Stlth   ++           (no ring)
HPRegen 0.22/turn    (no ring)
MPRegen 0.11/turn

%: no passive effects
@: very slightly contaminated
A: no striking features
a: no special abilities


You were on level 2 of the Dungeon.
You visited 1 branch of the dungeon, and saw 2 of its levels.

You collected 44 gold pieces.

Inventory:

Hand Weapons
 a - a +0 spear
 d - a +0 hand axe
 g - a +0 dagger
 j - a +0 short sword (weapon)
Missiles
 i - 17 stones
Armour
 c - a +0 robe
 h - a +0 cloak (worn)
 k - a +0 leather armour (worn)
Jewellery
 o - an amulet of regeneration
Scrolls
 f - a scroll of teleportation
 m - a scroll of enchant weapon {unknown}
Potions
 b - a potion of magic
 e - a potion of degeneration {unknown}
 l - a potion of mutation {unknown}
 n - a potion of lignification
 p - 2 potions of invisibility {unknown}
 q - a potion of might {unknown}


   Skills:
 * Level 1.2 Fighting
 + Level 2.7 Dodging
 + Level 2.4 Stealth
 + Level 3.1 Spellcasting
 + Level 1.2 Transmutations
 + Level 3.4 Poison Magic


You had 2 spell levels left.
You knew the following spells:

 Your Spells              Type           Power      Damage    Failure   Level
a - Sting                 Tmut/Pois      48%        1d5       10%         1
b - Poisonous Vapours     Pois/Air       18%        N/A       19%         2
c - Lesser Beckoning      Tloc           6%         N/A       36%         2

Your spell library contained the following spells:

 Spells                   Type           Power      Damage    Failure   Level
 Mephitic Cloud           Conj/Pois/Air  7%         N/A       43%         3
 Olgreb's Toxic Radiance  Pois           16%        N/A       52%         4
 Gell's Gravitas          Tloc           3%         N/A       58%         3
 Teleport Other           Tloc           3%         N/A       58%         3


Dungeon Overview and Level Annotations

Branches:
Dungeon (2/15)

Altars:


Message History

You are frozen.
Casting: Sting (safe; 10% risk of failure)
Confirm with . or Enter, or press ? or * to list all spells.
Aiming: Sting (safe; 10% risk of failure)
Press: ? - help, Shift-Dir - straight line, f/p - endoplasm
Aim: an endoplasm (moderately wounded, poisoned, 98% to hit)
You miscast Sting.
Nothing appears to happen.
The endoplasm hits you.
Casting: Sting (safe; 10% risk of failure)
Confirm with . or Enter, or press ? or * to list all spells.
Aiming: Sting (safe; 10% risk of failure)
Press: ? - help, Shift-Dir - straight line, f/p - endoplasm
Aim: an endoplasm (heavily wounded, poisoned, 98% to hit)
You miscast Sting.
Nothing appears to happen.
The endoplasm freezes you.
You are frozen.
You hit the endoplasm.
You kill the endoplasm!
You barely miss the quokka. The quokka bites you.
You hit the quokka but do no damage. Your punch misses the quokka.
The quokka misses you. The quokka bites you.
You closely miss the quokka. The quokka misses you.
You barely miss the quokka. The quokka completely misses you.
You closely miss the quokka. The quokka barely misses you.
You closely miss the quokka. The quokka bites you.
You hit the quokka.
The quokka is moderately wounded.
The quokka bites you.
* * * LOW HITPOINT WARNING * * *
The quokka bites you.
* * * LOW HITPOINT WARNING * * *
You hit the quokka.
The quokka is heavily wounded.
The quokka barely misses you.
Casting: Sting (safe; 10% risk of failure)
Confirm with . or Enter, or press ? or * to list all spells.
Aiming: Sting (safe; 10% risk of failure)
Press: ? - help, Shift-Dir - straight line, f - quokka
Aim: a quokka (heavily wounded, 60% to hit)
You miscast Sting.
Nothing appears to happen.
The quokka bites you.
You die...

#.......####.
#.......#
#.......#
#.......#
#.......#
#.......#
###.......#
######.........#
#.r@...........#
#.###..........#
#r..###........#
#..r..###...####
#....b.$###.#
......### ..#
#...### ...#
..### ###.. #..


You could see a quokka.

Vanquished Creatures
  A worm (D:2)
  A ball python (D:1)
  4 endoplasms
  2 goblins
  2 kobolds (D:1)
  2 quokkas (D:1)
  3 bats
  A frilled lizard (D:1)
16 creatures vanquished.

Notes
Turn   | Place    | Note
-------+----------+-------------------------------------------
     0 | D:1      | promet the Deep Elf Venom Mage began the quest for the Orb.
     0 | D:1      | Reached XP level 1. HP: 10/10 MP: 6/6
   639 | D:1      | Reached XP level 2. HP: 16/16 MP: 5/8
   642 | D:1      | Learned a level 2 spell: Poisonous Vapours
   645 | D:1      | Learned a level 2 spell: Lesser Beckoning
   668 | D:1      | Found a faded altar of an unknown god.
  1304 | D:2      | Reached skill level 1 in Fighting
  1798 | D:2      | Slain by a quokka

Illustrated notes

Levels and vault maps discovered:
D:1:      ebering_trefoil_twist, layout_loops_cross,
          hellmonk_ecumenical_altar_heavens_door
D:2:      layout_basic, minmay_misc_feat_enclosed, minmay_unequal, uniq_sigmund

Skill      XL: |  1  2 |
---------------+-------+-----
Fighting       | 1 |  1.2
Dodging        | |  2.7
Stealth        | |  2.4
Spellcasting   | |  3.1
Transmutations | |  1.2
Poison Magic   | |  3.4

Action                     || total
---------------------------++-------
  Melee: Spear             ||    10
         Unarmed           ||     1
         Short sword       ||    20
   Cast: Sting             ||    21
         Poisonous Vapours ||     5
    Use: Scroll            ||     2
   Stab: Sleeping          ||     5
 Armour: Robe              ||     9
         Leather armour    ||    18
  Dodge: Dodged            ||    17

Table legend: (Time is in decaauts)
 A = Elapsed time spent in this place.
 B = Non-inter-level travel time spent in this place.
 C = Inter-level travel time spent in this place.
 D = Time resting spent in this place.
 E = Time spent auto-exploring this place.
 F = Levels seen in this place.
 G = Mean time per level.
                   A        B        C        D        E       F      G
               +--------+--------+--------+--------+--------+-----+--------+
         Total |   1797 |   1770 |     27 |    796 |    378 |   2 |  898.5 |
       Dungeon |   1797 |   1770 |     27 |    796 |    378 |   2 |  898.5 |
               +--------+--------+--------+--------+--------+-----+--------+

Top non-repeatable levels by time:
     D:1: 1301 daAuts
     D:2: 496 daAuts
